 Dungeon Crawl Stone Soup version 0.27.1-3-gb3d3a73c9e (webtiles) character file.

Game seed: 14388832092245472132

49 styxcanada the Sneak (level 3, -5/18 HPs)
             Began as a Spriggan Brigand on Oct 15, 2021.
             Slain by Crazy Yiuf (10 damage)
             ... on level 2 of the Dungeon.
             The game lasted 00:07:24 (1804 turns).

styxcanada the Sneak (Spriggan Brigand)             Turns: 1804, Time: 00:07:24

Health: -5/18      AC:  4    Str:  7    XL:     3   Next: 53%
Magic:  0/4        EV: 17    Int: 12    God:
Gold:   47         SH:  0    Dex: 17    Spells: 2/2 levels left

rFire    + . .     SeeInvis +   a - +2 dagger
rCold    . . .     Faith    .   (shield restricted)
rNeg     . . .     Spirit   .   b - +0 robe
rPois    .         Reflect  .   (helmet restricted)
rElec    .         Harm     .   l - +1 cloak
rCorr    .         Rampage  .   (gloves unavailable)
Will     .....                  (boots unavailable)
Stlth    ++++......             (no amulet)
HPRegen  0.06/turn              (no ring)
MPRegen  0.09/turn              (no ring)

@: very quick
A: very small, no large weapons, unfitting armour, see invisible, speed 3, fire
resistance 1, no potion heal 1
a: no special abilities


You were on level 2 of the Dungeon.
You visited 1 branch of the dungeon, and saw 2 of its levels.

You collected 47 gold pieces.

Inventory:

Hand Weapons
 a - a +2 dagger (weapon)
 c - a +0 hunting sling
Missiles
 d - 5 poisoned darts
 f - 49 stones (quivered)
 i - 19 sling bullets
Armour
 b - a +0 robe (worn)
 l - a +1 cloak (worn)
Scrolls
 g - a scroll of immolation {unknown}
 j - a scroll of noise {unknown}
 k - a scroll of amnesia {unknown}


   Skills:
 * Level 2.0 Fighting
 + Level 2.3 Short Blades
 + Level 2.0 Throwing
 * Level 1.9 Dodging
 * Level 7.2 Stealth


You had 2 spell levels left.
You didn't know any spells.
Your spell library contained the following spells:

 Spells                   Type           Power      Damage    Failure   Level
 Animate Skeleton         Necr           0%         N/A       32%         1
 Pain                     Necr           0%         1d4       32%         1
 Vampiric Draining        Necr           0%         2d6       69%         3


Dungeon Overview and Level Annotations

Branches:
Dungeon (2/15)

Altars:

Annotations:
D:2 Crazy Yiuf


Innate Abilities, Weirdness & Mutations

You are very small and have problems with some larger weapons.
You are too small for most types of armour.
You have supernaturally acute eyesight. (SInv)
You cover ground extremely quickly. (Speed+++)
Your flesh is heat resistant. (rF+)
Potions are less effective at restoring your health.


Message History

Your system partially rejects the healing effects of potions.
You feel resistant to heat.
Crazy Yiuf says, "Pitchfork!"
Crazy Yiuf hits you with a +2 quarterstaff of chaos.
Crazy Yiuf freezes you.
You hit Crazy Yiuf but do no damage. Crazy Yiuf misses you.
You hit Crazy Yiuf.
Crazy Yiuf is moderately wounded.
Crazy Yiuf misses you.
You closely miss Crazy Yiuf.
Crazy Yiuf is moderately wounded.
Crazy Yiuf completely misses you.
You hit Crazy Yiuf but do no damage.
Crazy Yiuf is moderately wounded.
Crazy Yiuf closely misses you.
You hit Crazy Yiuf but do no damage.
Crazy Yiuf is moderately wounded.
Crazy Yiuf hits you with a +2 quarterstaff of chaos!
Ouch! That really hurt!
* * * LOW HITPOINT WARNING * * *
You feel your power leaking away.
You hit Crazy Yiuf but do no damage.
Crazy Yiuf is moderately wounded.
Crazy Yiuf closely misses you.
You hit Crazy Yiuf but do no damage.
Crazy Yiuf is moderately wounded.
Crazy Yiuf closely misses you.
You hit Crazy Yiuf.
Crazy Yiuf is moderately wounded.
You barely miss Crazy Yiuf.
Crazy Yiuf is moderately wounded.
Crazy Yiuf closely misses you.
You completely miss Crazy Yiuf.
Crazy Yiuf is moderately wounded.
Crazy Yiuf closely misses you.
You hit Crazy Yiuf.
Crazy Yiuf is moderately wounded.
Crazy Yiuf hits you with a +2 quarterstaff of chaos!
Ouch! That really hurt!
You die...

#.#.#####.#
#.........#
###.#######
# #.####
###.##.##
........#
###.##.#####
##...#.....#
#####
#.....######
#)@.#
##...##
#.g.# ###.##
#...# #.#
##'## #.#
♣(♣♣ ##'##
♣♣.♣ ##...##
♣)♣♣
#.....##
♣♣)♣
.......##
♣♣.♣♣


You could see Crazy Yiuf.

Vanquished Creatures
  An adder (D:2)
  2 dart slugs (D:2)
  7 bats
  4 endoplasms
  5 goblins
  2 hobgoblins
  3 kobolds (D:1)
  A quokka (D:1)
  5 ball pythons
  A frilled lizard (D:2)
  4 rats
35 creatures vanquished.

Notes
Turn   | Place    | Note
-------+----------+-------------------------------------------
     0 | D:1      | styxcanada the Spriggan Brigand began the quest for the
                  | Orb.
     0 | D:1      | Reached XP level 1. HP: 10/10 MP: 2/2
   173 | D:1      | Reached skill level 6 in Stealth
   232 | D:1      | Reached XP level 2. HP: 12/15 MP: 3/3
   932 | D:1      | Found a faded altar of an unknown god.
  1135 | D:2      | Reached XP level 3. HP: 18/18 MP: 4/4
  1419 | D:2      | Reached skill level 7 in Stealth
  1704 | D:2      | Found a runed translucent door.
  1705 | D:2      | Noticed Crazy Yiuf
  1793 | D:2      | Gained mutation: Potions are less effective at restoring
                  | your health. [potion of mutation]
  1793 | D:2      | Gained mutation: Your flesh is heat resistant. (rF+)
                  | [potion of mutation]
  1804 | D:2      | Slain by Crazy Yiuf

Illustrated notes

Levels and vault maps discovered:
D:1:      dpeg_arrival_subterranean_lakeside_camping, layout_loops_ring,
          dilly_ecumenical_altar_fadedgnrine
D:2:      layout_loops_corners, uniq_crazy_yiuf_cottage

Skill      XL: |  1  2  3 |
---------------+----------+-----
Stealth        | 6 7 |  7.2
Fighting       | 2 |  2.0
Short Blades   | |  2.3
Throwing       | |  2.0
Dodging        | |  1.9

Action                   || total
-------------------------++-------
Melee: Dagger            ||    86
Throw: Dart              ||    16
       Stone             ||     4
  Use: Potion            ||     1
 Stab: Sleeping          ||    16
       Distracted        ||     1
Armor: Robe              ||    12
Dodge: Dodged            ||    53
